 Dungeon Crawl Stone Soup version 0.20.2-3-g29329e0561 (webtiles) character file.

599 Alfie the Skirmisher (level 7, -15/64 HPs)
             Began as a Hill Orc Fighter on Jan 5, 2023.
             Demolished by an ogre
             ... wielding a +0 giant club
              (24 damage)
             ... on level 5 of the Dungeon.
             The game lasted 00:10:26 (2930 turns).

Alfie the Skirmisher (Hill Orc Fighter)             Turns: 2930, Time: 00:10:26

Health: -15/64     AC:  9    Str: 21    XL:     7   Next: 41%
Magic:  10/10      EV:  9    Int:  8    God:
Gold:   186        SH: 10    Dex: 10    Spells: 10/10 levels left

rFire    . . .     SeeInvis .   a - +0 rapier
rCold    . . .     Gourm    .   c - +0 shield
rNeg     . . .     Faith    .   b - +1 scale mail
rPois    .         Spirit   .   e - +0 helmet
rElec    .         Reflect  .   (no cloak)
rCorr    .         Harm     .   (no gloves)
MR       .....                  (no boots)
Stlth    ++........             (no amulet)
Regen    0.2/turn               t - ring of stealth
MPRegen  0.2/turn               (no ring)

@: no status effects
A: no striking features
a: no special abilities


You were on level 5 of the Dungeon.
You were not hungry.

You visited 2 branches of the dungeon, and saw 6 of its levels.

You collected 186 gold pieces.

Inventory:

Hand Weapons
 a - a +0 rapier (weapon)
Armour
 b - a +1 scale mail (worn)
 c - a +0 shield (worn)
 e - a +0 helmet (worn)
Jewellery
 k - an uncursed ring of resist corrosion
 n - a +2 ring of intelligence
 t - a ring of stealth (left hand)
Scrolls
 i - a scroll of blinking {unknown}
 l - a scroll of identify
 s - 4 scrolls of teleportation
 u - 2 scrolls of fear {unknown}
 y - a scroll of magic mapping {unknown}
Potions
 d - a potion of might
 g - 2 potions of curing
 h - a potion of haste
 r - a potion of brilliance
 v - a potion of ambrosia {unknown}
 w - 2 potions of heal wounds {unknown}
 x - 2 potions of cancellation {unknown}
 z - a potion of lignification {unknown}
Books
 j - a book of Callings

   Spells                             Type                      Level
   a - Summon Small Mammal            Summoning                    1
   b - Call Imp                       Summoning                    2
   c - Call Canine Familiar           Summoning                    3
   d - Summon Guardian Golem          Hexes/Summoning              3
   e - Summon Lightning Spire         Summoning/Air                4
   f - Summon Ice Beast               Ice/Summoning                4
Comestibles
 f - 6 bread rations
 m - 3 meat rations


   Skills:
 + Level 6.4 Fighting
 + Level 5.2 Short Blades
 + Level 4.5 Throwing
 + Level 5.8 Armour
 + Level 2.9 Dodging
 + Level 3.1 Stealth
 + Level 5.7 Shields
 + Level 3.5 Unarmed Combat
 + Level 2.4 Spellcasting


You had 10 spell levels left.
You didn't know any spells.

Dungeon Overview and Level Annotations

Branches:
Dungeon (5/15)             Temple (1/1) D:4

Altars:
Ashenzari
Cheibriados
Dithmenos
Elyvilon
Fedhas
Gozag
Hepliaklqana
Kikubaaqudgha
Makhleb
Nemelex Xobeh
Okawaru
Qazlal
Sif Muna
Trog
Vehumet
Xom
Zin
The Shining One

Annotations:
D:5 Eustachio


Message History

You see here a ball python corpse.
You hit the ogre.
The ogre is lightly wounded.
You closely miss the ogre.
The ogre is lightly wounded.
You block the ogre's attack.
You puncture the ogre!
The ogre is heavily wounded.
The ogre hits you with a giant club!
You hit the ogre.
The ogre is severely wounded.
The ogre hits you with a giant club!
* * * LOW HITPOINT WARNING * * *
Your shield and scale mail prevent you from hitting the ogre.
The ogre is severely wounded.
You block the ogre's attack.
Your shield and scale mail prevent you from hitting the ogre.
The ogre is severely wounded.
The ogre hits you with a giant club!!
You die...

#. ..........##.#
..........O.. .#
.........# .. ..
........# #. ..
.......####.### #.
#..............
#.####......#####<##
#..@O..............#
######......#####...
#...)..# ###.##
#......###.....
#........#.....
#......#.......
#......###.....
#......# ######
#......#


You could see an ogre.

Vanquished Creatures
  2 ogres
  2 hounds (D:4)
  An orc priest (D:3)
  A centaur skeleton (D:4)
  3 worker ants
  A hound skeleton (D:4)
  Robin (D:2)
  5 adders
  3 oozes
  An adder skeleton (D:4)
  A worm (D:2)
  2 dart slugs (D:1)
  A leopard gecko (D:2)
  10 orcs
  2 giant cockroaches (D:2)
  15 goblins
  9 hobgoblins
  10 jackals
  A quokka (D:3)
  3 ball pythons
  6 bats
  A frilled lizard (D:1)
  3 kobolds
  4 rats
88 creatures vanquished.

Notes
Turn   | Place    | Note
-------+----------+-------------------------------------------
     0 | D:1      | Alfie the Hill Orc Fighter began the quest for the Orb.
     0 | D:1      | Reached XP level 1. HP: 19/19 MP: 1/1
    74 | D:1      | Reached XP level 2. HP: 26/27 MP: 2/2
   332 | D:1      | Reached skill level 4 in Fighting
   665 | D:2      | Reached XP level 3. HP: 33/33 MP: 3/3
   729 | D:2      | Found an iron altar of Okawaru.
  1003 | D:2      | Noticed Robin
  1023 | D:2      | Killed Robin
  1023 | D:2      | Reached XP level 4. HP: 20/40 MP: 4/4
  1037 | D:2      | Reached skill level 6 in Fighting
  1037 | D:2      | Reached skill level 5 in Armour
  1037 | D:2      | Reached skill level 5 in Shields
  1037 | D:2      | Reached XP level 5. HP: 11/50 MP: 4/8
  1458 | D:3      | Found an ancient bone altar of Kikubaaqudgha.
  1988 | D:3      | Noticed an ogre
  2008 | D:3      | Killed an ogre
  2008 | D:3      | Reached XP level 6. HP: 5/57 MP: 9/9
  2280 | D:3      | Found a stormy altar of Qazlal.
  2485 | D:4      | Reached skill level 5 in Short Blades
  2486 | D:4      | Found a staircase to the Ecumenical Temple.
  2507 | Temple   | Entered the Ecumenical Temple
  2665 | D:4      | Reached XP level 7. HP: 59/63 MP: 10/10
  2855 | D:5      | Entered Level 5 of the Dungeon
  2855 | D:5      | Noticed Eustachio
  2930 | D:5      | Demolished by an ogre

Skill      XL: |  1  2  3  4  5  6 |
---------------+-------------------+-----
Fighting       | 4 6 |  6.4
Armour         | 4 5 |  5.8
Short Blades   | 4 5 |  5.2
Throwing       | 4 |  4.5
Dodging        | 2 |  2.9
Stealth        | 3 |  3.1
Shields        | 5 |  5.7
Unarmed Combat | 3 |  3.5
Spellcasting   | 2 |  2.4

Action                   |  1- 3 |  4- 6 |  7- 9 || total
-------------------------+-------+-------+-------++-------
Melee: Rapier            |   162 |   143 |    49 ||   354
  Use: Scroll            |     2 |     8 |       ||    10
       Potion            |       |     4 |       ||     4
 Stab: Sleeping          |       |     1 |       ||     1
  Eat: Royal jelly       |       |     3 |       ||     3
       Bread ration      |       |       |     1 ||     1
Armor: Scale mail        |    85 |    38 |    12 ||   135
Dodge: Dodged            |    53 |    51 |    15 ||   119
Block: Shield            |    85 |    74 |    19 ||   178
